 Dungeon Crawl Stone Soup version 0.13.0-29-gdb529de (webtiles) character file.

180 M4edhros the Charlatan (level 4, -3/29 HPs)
             Began as an Octopode Artificer on Nov 14, 2013.
             Slain by Grinder (5 damage)
             ... while paralysed by Grinder
             ... on Level 3 of the Dungeon.
             The game lasted 00:02:58 (1899 turns).

M4edhros the Charlatan (Octopode Artificer)         Turns: 1899, Time: 00:02:58

HP  -3/29        AC  1     Str 10      XL: 4   Next: 60%
MP   8/8         EV  2     Int 15      God:
Gold 88          SH  0     Dex 12      Spells:  0 memorised,  3 levels left

Res.Fire  : . . .   See Invis. : .   p - +1,+4 orc spear
Res.Cold  : . . .   Warding    : .   (no shield)
Life Prot.: . . .   Conserve   : .   (helmet restricted)
Res.Poison: .       Res.Corr.  : .   (no amulet)
Res.Elec. : .       Clarity    : .   k - cursed -2 ring of evasion
Sust.Abil.: . .     Spirit.Shd : .   (no ring)
Res.Mut.  : .       Stasis     : .   (no ring)
Res.Rott. : .       Flight     : .   (no ring)
Saprovore : . . .                    (no ring)
                                     (no ring)
                                     (no ring)
                                     (no ring)

@: paralysed, slightly resistant to hostile enchantments, stealthy
A: almost no armour, amphibious, 8 rings, constrict 8, camouflage 1, AC +1
a: no special abilities


You were on level 3 of the Dungeon.
You were very hungry.

You visited 1 branch of the dungeon, and saw 3 of its levels.

You collected 68 gold pieces.

Inventory:

Hand weapons
 a - a +1,+0 sling
 n - a +1,+3 dagger of speed (quivered)
 p - a +1,+4 orcish spear (weapon)
Missiles
 h - 12 stones
 q - 24 sling bullets
Magical devices
 b - a wand of flame (11)
 c - a wand of enslavement (13)
 d - a wand of random effects (8)
 o - a wand of teleportation (5)
Comestibles
 f - a bread ration
 g - a meat ration
 r - a chunk of goblin flesh
Scrolls
 i - a scroll of curse weapon
 l - a scroll of curse jewellery {unknown}
Jewellery
 j - an uncursed amulet of faith {unknown}
 k - a cursed -2 ring of evasion (left tentacle)
Potions
 e - 2 potions of resistance
 m - a potion of curing {unknown}


   Skills:
 - Level 1.0 Fighting
 - Level 1.0 Short Blades
 - Level 2.0 Dodging
 - Level 1.3 Stealth
 + Level 6.1 Evocations


You had 3 spell levels left.
You didn't know any spells.

Dungeon Overview and Level Annotations

Branches:
Dungeon (3/27)

Altars:

Annotations:
D:2 Terence
D:3 Grinder


Innate Abilities, Weirdness & Mutations

You cannot wear most types of armour.
You are amphibious.
You can wear up to eight rings at the same time.
You can use your tentacles to constrict many enemies at once.
Your skin changes colour to match your surroundings (Stlth).
Your rubbery body absorbs attacks (AC +1).


Message History

Aim: Grinder (moderately wounded)
The puff of flame hits Grinder.
Grinder is heavily wounded.
This wand has 12 charges left.
Evoke which item? (* to show all) (? for menu, Esc to quit)
Zapping:
b - a wand of flame (12)
Press: ? - help, Shift-Dir - straight line, f/p - Grinder
Aim: Grinder (heavily wounded)
The puff of flame hits Grinder.
Grinder is heavily wounded.
This wand has 11 charges left.
Grinder gestures at you.
You suddenly lose the ability to move!
Grinder hits you.
You writhe in agony.
Grinder hits you.
You writhe in agony.
* * * LOW HITPOINT WARNING * * *
Grinder hits you.
* * * LOW HITPOINT WARNING * * *
You writhe in agony.
You die...

.######.###.#.#
#.#.# .# #.#
#.#.# #.#.# .#
#.# #.#.# #.#)#
.# #.# #.#.#
.#.# .######.#
#.#.# #.#
).......# #.#.#
..# #########
#.#.#### ###
#.#....#
#.####@# #5#
#.# #.# #.# #.#
..# ###


You could see Grinder.

Vanquished Creatures
  Jessica (D:2)
  3 adders
  A worm (D:2)
  5 orcs (D:3)
  3 bats (D:1)
  2 giant cockroaches
  8 goblins
  2 hobgoblins
  5 jackals (D:1)
  A quokka (D:3)
  4 kobolds
  4 rats
39 creatures vanquished.

Notes
Turn   | Place    | Note
--------------------------------------------------------------
     0 | D:1      | M4edhros, the Octopode Artificer, began the quest for the Orb.
     0 | D:1      | Reached XP level 1. HP: 14/14 MP: 1/1
   147 | D:1      | Reached skill level 4 in Evocations
   147 | D:1      | Reached XP level 2. HP: 17/19 MP: 3/3
   564 | D:2      | Reached XP level 3. HP: 21/24 MP: 5/5
   746 | D:2      | Noticed Jessica
   757 | D:2      | Killed Jessica
   757 | D:2      | Reached skill level 5 in Evocations
   881 | D:2      | Reached XP level 4. HP: 15/29 MP: 7/7
  1122 | D:2      | Noticed Terence
  1396 | D:3      | Reached skill level 6 in Evocations
  1891 | D:3      | Noticed Grinder
  1896 | D:3      | Paralysed by Grinder for 7 turns
  1899 | D:3      | Slain by Grinder

Action                   |  1- 3 |  4- 6 || total
-------------------------+-------+-------++-------
Melee: Short sword       |    34 |       ||    34
       Dagger            |     8 |    38 ||    46
       Spear             |       |     6 ||     6
Evoke: Wand              |     3 |    10 ||    13
  Use: Scroll            |     4 |     1 ||     5
 Stab: Sleeping          |     2 |     1 ||     3
